 Dungeon Crawl Stone Soup version 0.16.0-17-g811c1d7 (webtiles) character file.

4020 Ladykiller69 the Destroyer (level 9, -5/62 HPs)
             Began as a Demigod Wizard on Mar 20, 2015.
             Slain by a blink frog (19 damage)
             ... on level 1 of the Lair of Beasts on Mar 21, 2015.
             The game lasted 00:58:23 (8983 turns).

Ladykiller69 the Destroyer (Demigod Wizard)         Turns: 8983, Time: 00:58:23

Health: -5/62      AC:  4    Str: 10    XL:     9   Next: 74%
Magic:  23/23      EV: 12    Int: 28    God:
Gold:   331        SH:  0    Dex: 14    Spells: 5 memorised, 5 levels left

rFire  . . .     SeeInvis .     v - +0 halberd
rCold  . . .     Clarity  .     a - +0 robe
rNeg   . . .     SustAb   +     (no shield)
rPois  .         Gourm    .     y - +0 helmet
rElec  .         Spirit   .     j - +0 cloak
rCorr  .         Warding  .     (no gloves)
rMut   +         Stasis   .     (no boots)
MR     .....                    z - amulet of resist mutation
Stlth  +++.......               D - ring of sustain abilities
                                u - ring of stealth

@: not resistant to hostile enchantments, fairly stealthy
A: sustain abilities
a: no special abilities


You were on level 1 of the Lair of Beasts.
You were not hungry.

You visited 2 branches of the dungeon, and saw 10 of its levels.

You collected 415 gold pieces.
You spent 84 gold pieces at shops.

Inventory:

Hand weapons
 o - a +2 dagger of protection
 s - a cursed +2 spear
 v - a +0 halberd (weapon)
 N - a +0 glaive
Missiles
 l - a throwing net (quivered)
Armour
 a - a +0 robe (worn)
 b - a +1 hat
 j - a +0 cloak (worn)
 y - a +0 helmet (worn)
Magical staves
 F - an uncursed staff of air
Jewellery
 u - a ring of stealth (left hand)
 z - an amulet of resist mutation (around neck)
 D - a ring of sustain abilities (right hand)
Magical devices
 L - a wand of cold (11)
Scrolls
 k - 7 scrolls of remove curse
 p - 8 scrolls of identify
 q - 2 scrolls of amnesia
 t - a scroll of blinking
 A - a scroll of recharging {unknown}
 E - a scroll of vulnerability {unknown}
 G - a scroll of enchant armour
 I - a scroll of acquirement {unknown}
 J - a scroll of fear
Potions
 e - a potion of curing
 g - a potion of magic {unknown}
 i - a potion of brilliance {unknown}
 n - 2 potions of cancellation {unknown}
 r - 3 potions of haste {unknown}
 B - a potion of flight
 C - 2 potions of might
 K - a potion of lignification {unknown}
 O - a potion of degeneration {unknown}
Books
 c - a book of Minor Magic

   Spells                             Type                      Level
   a - Magic Dart                     Conjuration                  1
   b - Blink                          Translocation                2
   c - Call Imp                       Summoning                    2
   d - Repel Missiles                 Charms/Air                   2
   e - Slow                           Hexes                        2
   f - Conjure Flame                  Conjuration/Fire             3
   g - Mephitic Cloud                 Conjuration/Poison/Air       3
 h - a book of Callings

   Spells                             Type                      Level
   a - Summon Small Mammal            Summoning                    1
   b - Call Imp                       Summoning                    2
   c - Call Canine Familiar           Summoning                    3
   d - Summon Guardian Golem          Hexes/Summoning              4
   e - Summon Lightning Spire         Summoning/Air                4
   f - Summon Ice Beast               Ice/Summoning                4
 w - a book of Cantrips

   Spells                             Type                      Level
   a - Corona                         Hexes                        1
   b - Animate Skeleton               Necromancy                   1
   c - Summon Small Mammal            Summoning                    1
   d - Apportation                    Translocation                1
Comestibles
 d - 5 bread rations
 f - 5 meat rations
 m - a beef jerky
 H - a royal jelly
 M - 3 fruits


   Skills:
 + Level 5.8 Polearms
 - Level 2.0 Dodging
 - Level 2.0 Stealth
 + Level 4.4 Spellcasting
 * Level 8.6 Conjurations
 + Level 3.3 Charms
   Level 0.8 Summonings
 + Level 3.8 Translocations
 - Level 3.0 Fire Magic
 - Level 2.0 Air Magic
 - Level 2.0 Poison Magic


You had 5 spell levels left.
You knew the following spells:

 Your Spells              Type           Power        Failure   Level  Hunger
a - Magic Dart            Conj           ####         1%          1    None
b - Blink                 Tloc           N/A          2%          2    None
c - Conjure Flame         Conj/Fire      #####...     1%          3    ##.....
d - Mephitic Cloud        Conj/Pois/Air  ####....     4%          3    ##.....
e - Repel Missiles        Chrm/Air       ###...       4%          2    None


Dungeon Overview and Level Annotations

Branches:
Dungeon (9/15)             Temple (0/1) D:6            Lair (1/8) D:9
    Orc: D:9-12

Shops:
D:6 !

Annotations:
D:2 Sigmund
D:3 1 exclusion, Terence
D:6 Menkaure


Innate Abilities, Weirdness & Mutations

Your attributes are resistant to harm.


Message History

You see here 8 gold pieces.
You now have 331 gold pieces (gained 8).
The blink frog blinks!
The blink frog hits you!
* * * LOW HITPOINT WARNING * * *
The blink frog blinks!
The blink frog blinks!
The blink frog closely misses you.
The porcupine bites you but does no damage.
A quokka and a giant frog come into view.
Found a stone staircase leading down.
The blink frog blinks!
Read which item? (? for menu, Esc to quit)
As you read the scroll labeled YNYTUH OMAU, it crumbles to dust.
You hear a loud clanging noise!
It was a scroll of noise.
The giant frog gives a loud, deep croak!
You hear a loud, deep croak!
You hear an angry hiss.
You hear an angry hiss.
The porcupine bites you but does no damage.
The blink frog hits you!!
You die...

....## ##..# ..## ##..
##..# #...## ..... #..
#..# ##...# ...... #..
#..# ##..## ##.......
#.. #..##
#...####..F..... #..
#...# ##..#§##........
#.. #..##
##..F.F.......... #..
#..#####...####rF.......
#.. #...#.##F..#
#@........ #.#
#..........# #.........
#.# #..........##
#........ #.
#§........FP# #........
.. #r##.####..##
#r....... .. #†####
##..# ..>..... . ##.#
#P..# #...... #..# ##..#
#..... ##.## #...# ...


You could see a blink frog, a giant frog, a porcupine and a quokka.

Vanquished Creatures
  The ghost of SKei0 the Covert, an experienced SpAs of Dithmenos (D:6)
  The ghost of Sorcv the Covert, an average KoAs (D:7)
  2 yaks (Lair:1)
  2 hippogriffs
  A hungry ghost (D:8)
  A steam dragon (D:7)
  Edmund (D:7)
  2 ice beasts
  2 orc warriors
  A porcupine (Lair:1)
  2 necrophages
  A sky beast (D:7)
  A centaur (D:6)
  2 ogres
  3 giant frogs
  4 scorpions
  5 wights (D:4)
  A crimson imp (D:5)
  A goliath beetle (D:8)
  5 orc priests
  A centaur zombie (D:8)
  A gnoll shaman (D:4)
  2 jellies
  A centaur skeleton (D:7)
  An iguana (D:4)
  7 worker ants
  2 orc wizards
  Ijyb (D:6)
  A mummy (D:7)
  11 gnolls
  13 adders
  4 shadow imps
  A giant mite (D:4)
  2 worms
  2 adder zombies
  2 adder skeletons
  6 giant geckos
  2 oozes
  16 orcs
  A ball python (D:5)
  A bat skeleton (D:6)
  A bat zombie (D:8)
  8 giant cockroaches
  8 goblins
  18 hobgoblins
  35 kobolds
  5 quokkas
  16 bats
  A giant gecko skeleton (D:4)
  3 giant newts
  8 jackals
  7 rats
227 creatures vanquished.

Vanquished Creatures (others)
  A big kobold (D:5)
1 creature vanquished.

Grand Total: 228 creatures vanquished

Notes
Turn   | Place    | Note
--------------------------------------------------------------
     0 | D:1      | Ladykiller69, the Demigod Wizard, began the quest for the Orb.
     0 | D:1      | Reached XP level 1. HP: 14/14 MP: 4/4
     5 | D:1      | You fall through a shaft!
    67 | D:1      | Reached skill level 1 in Conjurations
   322 | D:1      | Reached XP level 2. HP: 17/20 MP: 0/6
   326 | D:1      | Learned a level 2 spell: Blink
   557 | D:1      | Reached skill level 1 in Translocations
  1203 | D:1      | Reached XP level 3. HP: 26/26 MP: 5/8
  1212 | D:1      | Learned a level 3 spell: Conjure Flame
  1576 | D:3      | Noticed Terence
  2192 | D:3      | Reached skill level 3 in Spellcasting
  2310 | D:4      | Reached XP level 4. HP: 33/33 MP: 8/12
  2660 | D:2      | Noticed Sigmund
  2703 | D:2      | Learned a level 3 spell: Mephitic Cloud
  2788 | D:2      | Reached skill level 1 in Polearms
  2819 | D:3      | Reached skill level 1 in Fire Magic
  3044 | D:3      | Reached XP level 5. HP: 38/38 MP: 4/14
  3197 | D:3      | Found an iron altar of Okawaru.
  3897 | D:4      | Reached skill level 1 in Poison Magic
  3899 | D:4      | Reached XP level 6. HP: 36/45 MP: 4/16
  4046 | D:4      | Reached skill level 1 in Air Magic
  4156 | D:4      | Reached skill level 4 in Conjurations
  4228 | D:4      | Reached XP level 7. HP: 50/50 MP: 6/18
  4344 | D:4      | Learned a level 2 spell: Repel Missiles
  4539 | D:5      | Entered Level 5 of the Dungeon
  4641 | D:6      | Noticed SKei0's ghost (experienced SpAs)
  5282 | D:6      | Reached skill level 5 in Conjurations
  5282 | D:6      | Reached skill level 1 in Charms
  5465 | D:6      | Found Pyokhlo's Distillery.
  5471 | D:6      | Bought a potion of flight for 36 gold pieces
  5471 | D:6      | Bought a potion of might for 48 gold pieces
  5657 | D:6      | Found a shadowy altar of Dithmenos.
  5690 | D:6      | Found a staircase to the Ecumenical Temple.
  5829 | D:6      | Noticed Ijyb
  5833 | D:6      | Killed Ijyb
  5833 | D:6      | Reached XP level 8. HP: 53/57 MP: 20/20
  5929 | D:7      | Reached skill level 6 in Conjurations
  5968 | D:7      | Noticed Sorcv's ghost (average KoAs)
  5979 | D:7      | Killed Sorcv's ghost
  6028 | D:7      | Reached skill level 7 in Conjurations
  6462 | D:7      | Noticed Edmund
  6478 | D:7      | Killed Edmund
  6478 | D:7      | Reached skill level 5 in Polearms
  6862 | D:6      | Reached XP level 9. HP: 62/62 MP: 17/21
  6891 | D:6      | Noticed Menkaure
  7031 | D:6      | Found a burning altar of Makhleb.
  7037 | D:6      | Found a shattered altar of Ashenzari.
  7038 | D:6      | Found a sacrificial altar of Ru.
  7038 | D:6      | Found a snail-covered altar of Cheibriados.
  7040 | D:6      | Found a stormy altar of Qazlal.
  7041 | D:6      | Found a white marble altar of Elyvilon.
  7112 | D:6      | Killed SKei0's ghost
  7510 | D:5      | Reached skill level 8 in Conjurations
  8539 | D:9      | Found a staircase to the Lair.
  8553 | Lair:1   | Entered Level 1 of the Lair of Beasts
  8983 | Lair:1   | Slain by a blink frog

Action                   |  1- 3 |  4- 6 |  7- 9 || total
-------------------------+-------+-------+-------++-------
Melee: Dagger            |    10 |       |       ||    10
       Whip              |     1 |       |       ||     1
       Spear             |    14 |   194 |       ||   208
       Halberd           |       |       |   300 ||   300
 Cast: Magic Dart        |   120 |    44 |    96 ||   260
       Conjure Flame     |     1 |    16 |    37 ||    54
       Blink             |       |    10 |    20 ||    30
       Mephitic Cloud    |       |     7 |    29 ||    36
  Use: Scroll            |    11 |       |     2 ||    13
       Potion            |       |       |     1 ||     1
 Stab: Sleeping          |     1 |     1 |     6 ||     8
       Confused          |       |     4 |    14 ||    18
  Eat: Chunk             |     4 |     7 |    14 ||    25
       Pizza             |       |     1 |       ||     1
       Bread ration      |       |       |     1 ||     1
       Beef jerky        |       |       |     1 ||     1
